 Dungeon Crawl Stone Soup version 0.17.0-7-gfadd4cc (webtiles) character file.

3616 Vatticson the Grappler (level 9, -13/89 HPs)
             Began as a Troll Berserker on Nov 8, 2015.
             Was a High Priest of Trog.
             Killed from afar by a gargoyle (31 damage)
             ... with a stone arrow
             ... on level 8 of the Dungeon.
             The game lasted 00:41:57 (7049 turns).

Vatticson the Grappler (Troll Berserker)            Turns: 7049, Time: 00:41:57

Health: -13/89     AC:  6    Str: 32    XL:     9   Next: 86%
Magic:  8/8        EV: 11    Int:  3    God:    Trog [*****.]
Gold:   418        SH:  0    Dex:  7    Spells: 0 memorised, 8 levels left

rFire  . . .     SeeInvis .       - Unarmed
rCold  . . .     Clarity  .     a - +1 animal skin
rNeg   . . .     SustAt   .     (no shield)
rPois  .         Gourm    +     (helmet restricted)
rElec  .         Spirit   .     (no cloak)
rCorr  .         Warding  .     (gloves unavailable)
rMut   .         Stasis   .     (boots unavailable)
MR     ++...                    t - amulet of faith
Stlth  ++........               (no ring)
                                u - ring of stealth

@: exhausted, very slightly contaminated, regenerating, slowed, very slow, very
resistant to hostile enchantments, unstealthy
A: unfitting armour, claws 3, clumsy 1, fast metabolism 3, gourmand,
regeneration 2, shaggy fur 1, strong 1, tough skin 2, wild magic 1
a: Berserk, Trog's Hand, Brothers in Arms, Burn Spellbooks, Renounce Religion


You were on level 8 of the Dungeon.
You worshipped Trog.
Trog was extremely pleased with you.
You were not hungry.

You visited 1 branch of the dungeon, and saw 8 of its levels.

You collected 418 gold pieces.

Inventory:

Hand Weapons
 j - a cursed -2 giant spiked club
 o - a cursed -1 trident
 F - a +0 whip of electrocution
 G - a +4 scimitar of flaming
 H - a +0 falchion
Missiles
 c - 417 stones (quivered)
 I - 2 needles of slowing
Armour
 a - a +1 animal skin (worn)
Jewellery
 m - an uncursed amulet of the gourmand
 t - an amulet of faith (around neck)
 u - a ring of stealth (left claw)
 y - an uncursed amulet of regeneration
Wands
 l - a wand of hasting (4)
 x - a wand of draining (8)
Scrolls
 g - 4 scrolls of enchant armour
 h - a scroll of magic mapping {unknown}
 n - a scroll of recharging {unknown}
 p - 6 scrolls of remove curse
 r - a scroll of amnesia {unknown}
 s - 2 scrolls of teleportation {unknown}
 w - a scroll of noise
 z - a scroll of random uselessness {unknown}
 A - a scroll of fear {unknown}
 E - a scroll of enchant weapon {unknown}
Potions
 d - 2 potions of degeneration
 e - a potion of poison
 f - 2 potions of mutation
 q - a potion of berserk rage
 v - 4 potions of lignification
 C - a potion of cancellation
Books
 i - a book of Transfigurations

   Spells                             Type                      Level
   a - Stoneskin                      Transmutation/Earth          2
   b - Irradiate                      Conjuration/Transmutation    5
   c - Statue Form                    Transmutation/Earth          6
   d - Hydra Form                     Transmutation                6
   e - Dragon Form                    Transmutation                7
   Trog disapproves of the use of such an item.
Comestibles
 b - 6 bread rations
 D - a beef jerky


   Skills:
 + Level 5.8 Fighting
 + Level 7.1 Dodging
 + Level 2.3 Stealth
 * Level 9.6 Unarmed Combat


You had 8 spell levels left.
You didn't know any spells.

Dungeon Overview and Level Annotations

Branches:
Dungeon (8/15)             Temple (0/1) D:7
   Lair: D:8-11

Altars:
Fedhas
Gozag
Makhleb
Okawaru
Ru
Vehumet
Zin
The Shining One

Shops:
D:5 (


Innate Abilities, Weirdness & Mutations

You are too large for most types of armour.
You have claws for hands.
Your metabolism is lightning-fast.
You like to eat raw meat.
You heal very quickly.
You are covered in fur (AC +1).
You have very tough skin (AC +2).
You are clumsy. (Dex -2)
Your muscles are strong. (Str +2)
Your spells are a little harder to cast, but a little more powerful.


Message History

Throwing (i - inventory):
c - 417 stones (quivered)
Press: ? - help, Shift-Dir - straight line, f - gargoyle
Aim: a gargoyle, wielding a mace (lightly damaged)
Okay, then.
Your skin crawls.
You feel resistant to hostile enchantments.
You feel slightly more hungry.
You flicker back into view.
The goblin zombie barely misses you.
A goblin skeleton comes into view.
The gargoyle hurls a stone arrow at you.
The stone arrow hits you!
* * * LOW HITPOINT WARNING * * *
The gargoyle hurls a stone arrow at you.
The stone arrow misses you. The goblin zombie misses you.
You claw the gargoyle!
The gargoyle is heavily damaged.
The gargoyle hurls a stone arrow at you.
The stone arrow hits you!
You die...

#...........## ####
###.....#..####
##...##...#.###..#
###...........##...#
!....................
##Z...........##.#.....
.................#..####
........Z.....####.##
#.#.#..#@..........
##)59...#.#.##.
......##..##....# Z.....
#..# ...## +.._.. ...#
...# #.....##... ..[.#
#..... ..Z.. ... .##+##
...... ..#...


You could see a gargoyle, a crimson imp, a goblin zombie, a goblin skeleton and
a kobold skeleton.

Vanquished Creatures
  Psyche (D:8)
  The ghost of Ijustatesigmund the Sneak, an amateur OpCj (D:4)
  Eustachio (D:4)
  A sky beast (D:6)
  2 ice beasts
  2 phantoms
  An ogre (D:5)
  3 centaurs
  An orc warrior (D:7)
  4 big kobolds
  A giant frog (D:7)
  3 killer bees (D:7)
  3 crimson imps
  A centaur zombie (D:7)
  A centaur skeleton (D:4)
  A giant frog skeleton (D:7)
  5 iguanas
  Ijyb (D:2)
  2 hounds
  2 jellies
  3 worker ants
  7 gnolls (D:5)
  7 adders
  A worker ant zombie (D:6)
  A shadow imp (D:5)
  2 oozes
  2 adder skeletons
  5 giant geckos
  20 orcs
  4 giant cockroaches
  22 hobgoblins
  17 kobolds
  3 quokkas
  5 bats
  2 giant newts
  45 goblins
  A goblin skeleton (D:8)
  3 jackals (D:3)
  4 rats
191 creatures vanquished.

Vanquished Creatures (collateral kills)
  Erica (D:8)
  Pikel (D:8)
  A slave (D:8)
  An ogre (D:8)
  An orc wizard (D:8)
5 creatures vanquished.

Vanquished Creatures (others)
  A slave (D:8)
  An orc priest (D:8)
  An orc (D:8)
  A hobgoblin zombie (D:8)
4 creatures vanquished.

Grand Total: 200 creatures vanquished

Notes
Turn   | Place    | Note
--------------------------------------------------------------
     0 | D:1      | Vatticson the Troll Berserker began the quest for the Orb.
     0 | D:1      | Reached XP level 1. HP: 22/22 MP: 0/0
   256 | D:1      | Reached XP level 2. HP: 29/29 MP: 1/1
   922 | D:2      | Found a blossoming altar of Fedhas.
   926 | D:2      | Found a glowing silver altar of Zin.
   928 | D:2      | Found a radiant altar of Vehumet.
   928 | D:2      | Found an opulent altar of Gozag.
   952 | D:2      | Found a burning altar of Makhleb.
  1102 | D:2      | Noticed Ijyb
  1111 | D:2      | Killed Ijyb
  1111 | D:2      | Reached ** piety under Trog
  1111 | D:2      | Reached XP level 3. HP: 36/36 MP: 2/2
  1390 | D:2      | Reached XP level 4. HP: 44/44 MP: 3/3
  2225 | D:3      | Found a sacrificial altar of Ru.
  2417 | D:4      | Noticed Eustachio
  2418 | D:4      | Reached skill level 4 in Unarmed Combat
  2435 | D:4      | Killed Eustachio
  2435 | D:4      | Reached XP level 5. HP: 53/53 MP: 4/4
  2435 | D:4      | Reached XP level 6. HP: 61/61 MP: 5/5
  2440 | D:4      | Noticed Ijustatesigmund's ghost (amateur OpCj)
  2455 | D:4      | Killed Ijustatesigmund's ghost
  2458 | D:4      | HP: 1/62 [iguana (10)]
  2467 | D:4      | Reached skill level 5 in Unarmed Combat
  2657 | D:4      | Reached skill level 1 in Stealth
  2657 | D:4      | Reached XP level 7. HP: 65/68 MP: 6/6
  3334 | D:4      | Noticed a phantom
  3364 | D:4      | Killed a phantom
  3364 | D:4      | Reached skill level 5 in Dodging
  3594 | D:5      | Entered Level 5 of the Dungeon
  3628 | D:5      | Gained mutation: Your muscles are strong. (Str +2) [potion of mutation]
  3628 | D:5      | Gained mutation: You are clumsy. (Dex -2) [potion of mutation]
  3628 | D:5      | Gained mutation: Your spells are a little harder to cast, but a little more powerful. [potion of mutation]
  3650 | D:5      | Found Wylinot's Weapon Boutique.
  3712 | D:5      | Reached *** piety under Trog
  3841 | D:5      | Found an iron altar of Okawaru.
  4159 | D:5      | Reached skill level 6 in Unarmed Combat
  4197 | D:5      | Reached XP level 8. HP: 79/79 MP: 7/7
  4212 | D:5      | Reached **** piety under Trog
  4908 | D:5      | Reached skill level 7 in Unarmed Combat
  5193 | D:6      | Reached ***** piety under Trog
  5896 | D:7      | Reached skill level 5 in Fighting
  5896 | D:7      | Reached XP level 9. HP: 22/88 MP: 8/8
  6127 | D:7      | Reached skill level 8 in Unarmed Combat
  6415 | D:7      | Found a staircase to the Ecumenical Temple.
  6711 | D:8      | Noticed Erica
  6714 | D:8      | Noticed Pikel
  6716 | D:8      | Killed Erica
  6720 | D:8      | Killed Pikel
  6720 | D:8      | Received a gift from Trog
  6720 | D:8      | Reached skill level 9 in Unarmed Combat
  7018 | D:8      | Noticed Psyche
  7022 | D:8      | Found a glowing golden altar of the Shining One.
  7025 | D:8      | Noticed a gargoyle
  7030 | D:8      | Paralysed by Psyche for 7 turns
  7038 | D:8      | Killed Psyche
  7049 | D:8      | Killed from afar by a gargoyle

Action                   |  1- 3 |  4- 6 |  7- 9 || total
-------------------------+-------+-------+-------++-------
Melee: Unarmed           |    90 |    84 |   375 ||   549
Invok: Berserk           |     1 |     1 |     4 ||     6
       Trog's Hand       |       |     1 |     2 ||     3
       Burn Spellbooks   |       |       |     1 ||     1
       Brothers in Arms  |       |       |     1 ||     1
  Use: Potion            |       |     1 |    10 ||    11
       Scroll            |       |       |     7 ||     7
 Stab: Sleeping          |       |       |     7 ||     7
       Invisible         |       |       |     2 ||     2
       Distracted        |       |       |     1 ||     1
  Eat: Chunk             |     4 |     6 |    29 ||    39
       Meat ration       |     1 |     1 |     3 ||     5
       Bread ration      |     1 |       |     1 ||     2
